 Dungeon Crawl Stone Soup version 0.24-a0-235-g3f03afc (webtiles) character file.

Game seed: 17752417366925011835

1067 RedearTest the Shield-Bearer (level 8, -12/49 HPs)
             Began as a Tengu Fighter on Apr 7, 2019.
             Was a Follower of Ru.
             Killed from afar by Grinder (23 damage)
             ... with an exploding inner flame
             ... hexed by the player character
             ... on level 5 of the Dungeon.
             The game lasted 00:24:42 (4173 turns).

RedearTest the Shield-Bearer (Tengu Fighter)        Turns: 4173, Time: 00:24:43

Health: -12/49     AC:  9    Str: 19 (20) XL:     8   Next: 28%
Magic:  9/9        EV:  9    Int: 11 (12) God:    Ru [*.....]
Gold:   234        SH:  0    Dex: 12 (13) Spells: 7/7 levels left

rFire    . . .     SeeInvis .     - Unarmed
rCold    . . .     Gourm    .   (no shield)
rNeg     . . .     Faith    .   a - +0 scale mail
rPois    .         Spirit   .   (helmet restricted)
rElec    .         Reflect  .   n - +0 cloak
rCorr    .         Harm     .   q - +0 pair of gloves
MR       .....                  (boots unavailable)
Stlth    +.........             (no amulet)
HPRegen  0.16/turn              (no ring)
MPRegen  0.11/turn              (no ring)

@: flying quickly and evasively, very slightly contaminated, quick
A: beak, talons 3, clever 1, high mp 1, strong 1, reduced EV 1, able to fly
a: Stop Flying, Renounce Religion


You were on level 5 of the Dungeon.
You worshipped Ru.
Ru was aware of your devotion.
You were not hungry.

You visited 1 branch of the dungeon, and saw 5 of its levels.

You collected 234 gold pieces.


Innate Abilities, Weirdness & Mutations

You have a beak for a mouth.
You have claws for feet.
You have somewhat slow reflexes. (EV -5)
You can fly continuously.
Your mind is acute. (Int +2)
You have an increased reservoir of magic. (+10% MP)
Your muscles are strong. (Str +2)

Inventory:

Hand Weapons
 f - a +0 vampiric dagger
 g - a cursed +0 hunting sling
 h - a +3 short sword
Missiles
 s - 3 curare-tipped needles
Armour
 a - a +0 scale mail (worn)
 b - a +0 shield
 m - a +0 leather armour
 n - a +0 cloak (worn)
 q - a +0 pair of gloves (worn)
Scrolls
 i - 5 scrolls of remove curse
 o - a scroll of blinking
 p - 2 scrolls of identify
Potions
 k - a potion of degeneration {!q}
Comestibles
 d - 16 rations


You had 7 spell levels left.
You didn't know any spells.
Your spell library was empty.


   Skills:
 + Level 5.1 Fighting
 - Level 3.2 Armour
 + Level 4.3 Dodging
 + Level 4.3 Stealth
 + Level 5.2 Shields
 + Level 5.0 Unarmed Combat

Dungeon Overview and Level Annotations

Branches:
Dungeon (5/15)             Temple (0/1) D:4

Altars:
Ashenzari
Hepliaklqana
Nemelex Xobeh
Ru

Shops:
D:5 :

Annotations:
D:4 3 runed translucent doors, VLARC's ghost, amateur DgWr; bli's ghost, amateur BaIE; bli's ghost, amateur DrMo
D:5 1 runed translucent door, Crazy Yiuf

Levels and vault maps discovered:
D:1:      kennysheep_arrival_forest, layout_basic
D:2:      layout_loops_cross, nemelex_xobeh_ov_fountains_minmay,
          nicolae_ru_great_annihilating_truth
D:3:      layout_basic, lemuel_round_altar, chequers_decorated_corner,
          uniq_jessica
D:4:      layout_loops_corners, minmay_temple_entry_gardened_gates,
          first_ration, gammafunk_ghost_cemetery, minmay_misc_feat_plants,
          uniq_robin, uniq_duvessa, uniq_sigmund
D:5:      layout_loops_cross, kennysheep_mini_moat, serial_shops, shop,
          uniq_grinder, uniq_pikel, uniq_crazy_yiuf_cottage
There     were no monsters in sight!


Message History

Blink to where?
Press: ? - help, Dir - move target cursor You are very lightly contaminated with residual magic.
As you read the scroll labeled VYXUFU GAORABRI, it crumbles to dust.
It was a scroll of blinking.
Unknown command.
You start resting.
Grinder is too close now for your liking.
Okay, then.
As you read the scroll labeled WIAGEU MABB, it crumbles to dust.
It is a scroll of amnesia.
You feel forgetful for a moment.
Grinder begins to attack, but is stunned by your will!
Unknown command.
As you read the scroll labeled ZESURO KUEQAWN, it crumbles to dust.
You smell pepper.
It was a scroll of random uselessness.
As you read the scroll labeled JOAQEINITT, it crumbles to dust.
You feel aware of your surroundings.
It was a scroll of magic mapping.
Grinder gestures at you.
You suddenly lose the ability to move!
You can move again.
As you read the scroll labeled BOAGUK YTEPSA, it crumbles to dust.
The creatures around you are filled with an inner flame!
It was a scroll of immolation.
Unknown command.
Okay, then.
Wield which item (- for none, * to show all)? (? for menu, Esc to quit)
Okay, then.
Unknown command.
Press: ? - help, v - describe, . - travel
Here: Grinder (heavily wounded, inner flame)
The floor.
Okay, then.
You don't know any spells.
Unknown command.
Unknown command.
There are no items here.
Unknown command.
Unknown command.
Unknown command.
You hit Grinder.
Grinder is severely wounded.
You hit Grinder.
Grinder is severely wounded.
Grinder hits you but does no damage.
Unknown command.
You punch Grinder! You claw Grinder, but do no damage. You peck Grinder.
Grinder explodes!
The fiery explosion engulfs you!!
You die...

Action                   |  1- 3 |  4- 6 |  7- 9 || total
-------------------------+-------+-------+-------++-------
Melee: Short sword       |    66 |   160 |       ||   226
       Unarmed           |     5 |     3 |   162 ||   170
       Kick              |    16 |    37 |    45 ||    98
       Peck              |    11 |    20 |    28 ||    59
       Punch             |     1 |     3 |     2 ||     6
Invok: Sacrifice Health  |       |     1 |       ||     1
 Abil: Fly               |       |     1 |       ||     1
  Use: Potion            |       |     7 |     5 ||    12
       Scroll            |       |       |     8 ||     8
 Stab: Paralysed         |       |     1 |       ||     1
       Distracted        |       |       |     1 ||     1
  Eat: Chunk             |       |     6 |     4 ||    10
Armor: Scale mail        |    30 |   104 |    70 ||   204
       Skin              |       |     8 |       ||     8
Dodge: Dodged            |    40 |   108 |    52 ||   200
Block: Shield            |     2 |       |       ||     2

Notes
Turn   | Place    | Note
-------+----------+-------------------------------------------
     0 | D:1      | RedearTest the Tengu Fighter began the quest for the Orb.
     0 | D:1      | Reached XP level 1. HP: 14/14 MP: 2/2
    80 | D:1      | Reached XP level 2. HP: 19/19 MP: 3/3
   151 | D:1      | Reached skill level 1 in Dodging
   211 | D:1      | Reached skill level 1 in Stealth
   226 | D:1      | Reached XP level 3. HP: 9/23 MP: 4/4
   826 | D:2      | Reached XP level 4. HP: 22/28 MP: 5/5
   954 | D:2      | Found a sparkling altar of Nemelex Xobeh.
   987 | D:2      | Found a sacrificial altar of Ru.
   999 | D:2      | Reached skill level 3 in Unarmed Combat
  1004 | D:2      | Became a worshipper of Ru the Awakened
  1346 | D:3      | Reached skill level 2 in Dodging
  1346 | D:3      | Gained mutation: You can fly continuously. [Tengu growth]
  1346 | D:3      | Reached XP level 5. HP: 20/33 MP: 6/6
  1348 | D:3      | Reached skill level 2 in Stealth
  1466 | D:3      | Noticed Jessica
  1482 | D:3      | Killed Jessica
  1839 | D:3      | Found a hazy altar of Hepliaklqana.
  2050 | D:3      | Gained mutation: You have somewhat slow reflexes. (EV -5)
                  | [Ru sacrifice]
  2050 | D:3      | Reached * piety under Ru
  2144 | D:4      | Noticed Robin
  2157 | D:4      | Reached XP level 6. HP: 22/38 MP: 7/7
  2172 | D:3      | Reached skill level 4 in Shields
  2236 | D:4      | Found a staircase to the Ecumenical Temple.
  2479 | D:4      | Found a runed translucent gate.
  2479 | D:4      | Found a runed translucent gate.
  2481 | D:4      | Found a runed translucent gate.
  2483 | D:4      | Noticed bli's ghost (amateur DrMo)
  2483 | D:4      | Noticed VLARC's ghost (amateur DgWr)
  2484 | D:4      | Noticed bli's ghost (amateur BaIE)
  2541 | D:4      | Noticed Sigmund
  2645 | D:4      | Killed Sigmund
  2645 | D:4      | Reached skill level 4 in Fighting
  2653 | D:4      | Killed Robin
  2695 | D:4      | Reached skill level 3 in Dodging
  2695 | D:4      | Reached skill level 3 in Stealth
  2717 | D:4      | Noticed Duvessa
  2719 | D:4      | Noticed Dowan
  2788 | D:5      | Entered Level 5 of the Dungeon
  2806 | D:5      | Reached skill level 4 in Unarmed Combat
  2806 | D:5      | Reached XP level 7. HP: 25/44 MP: 8/8
  3243 | D:4      | Killed Duvessa
  3266 | D:4      | Killed Dowan
  3475 | D:5      | Found Fuhin's Book Shoppe.
  3522 | D:5      | Noticed Grinder
  3637 | D:5      | Reached XP level 8. HP: 20/48 MP: 9/9
  3639 | D:5      | Found a shattered altar of Ashenzari.
  3647 | D:5      | Reached skill level 4 in Dodging
  3647 | D:5      | Reached skill level 4 in Stealth
  3647 | D:5      | Reached skill level 5 in Shields
  3671 | D:5      | Found a runed translucent door.
  3672 | D:5      | Noticed Crazy Yiuf
  3950 | D:5      | Reached skill level 5 in Fighting
  4050 | D:5      | Reached skill level 5 in Unarmed Combat
  4139 | D:5      | Gained mutation: Your mind is acute. (Int +2) [potion of
                  | mutation]
  4139 | D:5      | Gained mutation: Your muscles are strong. (Str +2) [potion
                  | of mutation]
  4139 | D:5      | Gained mutation: You have an increased reservoir of magic.
                  | (+10% MP) [potion of mutation]
  4166 | D:5      | Paralysed by Grinder for 2 turns
  4173 | D:5      | Killed Grinder
  4173 | D:5      | Killed from afar by Grinder

Table legend:
 A = Turns spent in this place as a percentage of turns spent in the entire game.
 B = Non-inter-level travel turns spent in this place as a percentage of non-inter-level travel turns spent in the entire game.
 C = Inter-level travel turns spent in this place as a percentage of turns spent in this place.
 D = Turns resting spent in this place as a percentage of non-inter-level travel turns spent in this place.
 E = Turns spent auto-exploring this place as a percentage of non-inter-level travel turns spent in this place.
 F = Non-inter-level travel turns spent in this place divided by the number of levels of this place that you've seen.
                   A       B       C       D       E      F
               +-------+-------+-------+-------+-------+----------------------
         Total | 100.0 | 100.0 |   5.3 |   5.0 |  63.8 | 790.4
       Dungeon | 100.0 | 100.0 |   5.3 |   5.0 |  63.8 | 790.4
               +-------+-------+-------+-------+-------+----------------------

Table legend:
 A = Kills in this place as a percentage of kills in entire the game.
 B = Kills by you in this place as a percentage of kills by you in the entire game.
 C = Kills by friends in this place as a percentage of kills by friends in the entire game.
 D = Other kills in this place as a percentage of other kills in the entire game.
 E = Experience gained in this place as a percentage of experience gained in the entire game.
 F = Experience gained in this place divided by the number of levels of this place that you have seen.
                   A       B       C       D       E      F
               +-------+-------+-------+-------+-------+----------------------
         Total | 100.0 | 100.0 |   N/A |   N/A | 100.0 | 305.0
       Dungeon | 100.0 | 100.0 |   N/A |   N/A | 100.0 | 305.0
               +-------+-------+-------+-------+-------+----------------------

Vanquished Creatures
  Sigmund (D:4)
  Duvessa (D:4)
  An ice beast (D:5)
  A centaur (D:5)
  Dowan (D:4)
  A bullfrog zombie (D:5)
  An orc priest (D:5)
  A jelly (D:5)
  A hound (D:5)
  2 orc wizards
  Jessica (D:3)
  7 worker ants
  A hound skeleton (D:5)
  Robin (D:4)
  7 adders
  A howler monkey skeleton (D:4)
  2 oozes (D:1)
  An adder zombie (D:5)
  2 worms
  A dart slug (D:3)
  4 leopard geckos
  10 orcs
  4 ball pythons
  16 bats
  4 giant cockroaches
  15 goblins
  8 hobgoblins
  13 jackals
  A quokka (D:5)
  4 frilled lizards
  7 kobolds
  8 rats
129 creatures vanquished.

Vanquished Creatures (others)
  A withered plant (D:4)
1 creature vanquished.

Grand Total: 130 creatures vanquished
